AoeStats
← jorge_apoc25

Arabia

510032961Analyzed
1v1 RM · 4d ago on Sep 29, 2026· 45m 43s· 2 players
Game mode
Random Map
Map size
Tiny (2 player)
Population
200
Speed
Normal
Resources
Standard
Victory
Conquest
Starting age
Dark Age
Ending age
Imperial Age
RankedLock teamsTeams togetherTeam positionsShared explorationLock speedFull tech treeHidden civsTurbo modeCheats
Victory
Defeat
🇲🇽 Georgians · Mexico
1143
+16
🇨🇱 Vikings · Chile
1142
-16
feloh10
7:17 Loom
10:35 Feudal Age
18:05 Fletching
17:59 Horse Collar
18:57 Padded Archer Armor
23:58 Castle Age
24:06 Crossbowman
24:44 Bodkin Arrow
27:48 Double-Bit Axe
33:07 Imperial Age
31:11 Gold Mining
31:34 Bow Saw
32:00 Ballistics
33:33 Arbalester
34:15 Bracer
34:47 Masonry
35:29 Leather Archer Armor
37:44 Squires
38:25 Scale Mail Armor
38:36 Forging
39:45 Gold Shaft Mining
40:37 Elite Skirmisher
40:38 Man-at-Arms
42:40 Elite Varangian Guard
jorge_apoc25
9:08 Feudal Age
7:42 Loom
16:56 Horse Collar
17:04 Double-Bit Axe
22:12 Castle Age
21:20 Forging
22:06 Bloodlines
22:12 Scale Barding Armor
23:39 Iron Casting
23:54 Husbandry
31:18 Wheelbarrow
31:42 Heavy Plow
37:49 Imperial Age
36:14 Fletching
36:48 Chain Barding Armor
39:00 Conscription
42:24 Plate Barding Armor
43:08 Aznauri Cavalry
43:33 Hand Cart
43:15 Gold Mining
43:48 Light Cavalry
Connection lost

Rejoining the realm…

Still unreachable

The connection could not be restored.

Session expired

The server has moved on; the page needs a fresh start.